 Dungeon Crawl Stone Soup version 0.31-a0-198-g2ad674f65e (webtiles) character file.

Game seed: 8692045343649016784

7508 Zonian the Thaumaturge (level 10, -3/49 (50) HPs)
             Began as a Deep Elf Ice Elementalist on June 25, 2023.
             Was a Priest of Ashenzari.
             Slain by a death knight
             ... wielding a +0 halberd
              (18 damage)
             ... on level 8 of the Dungeon.
             The game lasted 00:36:28 (12605 turns).

Zonian the Thaumaturge (Deep Elf Ice Elementalist) Turns: 12605, Time: 00:36:29

HP:   -3/49 (50)    AC:  7    Str:  5    XL:     10   Next: 95%
MP:   28/30         EV: 14    Int: 25    God:    Ashenzari [***...]
Gold: 235           SH:  0    Dex: 15    Spells: 22/38 levels left

rFire   . . .        s - +1 dagger (venom)
rCold   . . .        (no shield)
rNeg    . . .        a - +0 robe "Gaze Upon Infinity" {Cun, Range} (curse)
rPois   +            t - +0 helmet of the Fated Abstinence {Comp, Range} (curse)
rElec   .            (no cloak)
rCorr   +            (no gloves)
SInv    +            (no boots)
Will    +....        u - amulet of Ashenzari's Sybil {RegenMP, Elem, Melee} (curse)
Stlth   ++++         f - ring of Supernal Understanding {AC+4, Self, Bglg} (curse)
HPRegen 0.28/turn    r - ring of Ashenzari's Yoke {rPois rCorr, Comp, Self} (curse)
MPRegen 0.62/turn

%: clarity
@: lightly drained
A: no striking features
a: Renounce Religion, Curse Item, Shatter the Chains


You were on level 8 of the Dungeon.
You worshipped Ashenzari.
Ashenzari was most pleased with you.
You visited 2 branches of the dungeon, and saw 9 of its levels.

You collected 443 gold pieces.
You spent 208 gold pieces at shops.

Inventory:

Hand Weapons
 c - a +2 heavy falchion
 d - a +0 dagger
 h - a +0 short sword
 p - a +0 rapier
 s - a +1 dagger of venom (weapon)
 v - a +3 short sword of freezing
 D - a +1 dagger of pain
 E - a +3 dagger
Missiles
 l - 50 stones
 q - 24 poisoned darts
 A - 13 boomerangs
Armour
 a - the cursed +0 robe "Gaze Upon Infinity" (worn) {Cun, Range}

   It has a curse which improves the following skills: Cunning: Dodging and
   Stealth.
   Ranged Combat: Ranged Weapons and Throwing.
 i - a +0 scale mail
 m - a +0 leather armour
 t - the cursed +0 helmet of the Fated Abstinence (worn) {Comp, Range}
   (You found it on level 3 of the Dungeon)

   It has a curse which improves the following skills: Companions: Summonings
   and Necromancy.
   Ranged Combat: Ranged Weapons and Throwing.
 C - a +1 robe of resistance
Jewellery
 f - the cursed ring of Supernal Understanding (left hand) {AC+4, Self, Bglg}
   (You found it on level 1 of the Dungeon)

   [ring of protection]

   AC:        It affects your AC (+4).
   It has a curse which improves the following skills: Introspection: Fighting
   and Spellcasting.
   Beguiling: Conjurations, Hexes and Translocations.
 r - the cursed ring of Ashenzari's Yoke (right hand) {rPois rCorr, Comp, Self}
   (You acquired it on level 6 of the Dungeon)

   [ring of poison resistance]

   rPois:     It protects you from poison.
   rCorr:     It protects you from acid and corrosion.
   It has a curse which improves the following skills: Companions: Summonings
   and Necromancy.
   Introspection: Fighting and Spellcasting.
 u - the cursed amulet of Ashenzari's Sybil (around neck) {RegenMP, Elem, Melee}
   (You found it on level 7 of the Dungeon)

   [amulet of magic regeneration]

   It increases your rate of magic regeneration.
   It has a curse which improves the following skills: Elements: Fire Magic, Ice
   Magic, Air Magic and Earth Magic.
   Melee Combat: Short Blades, Long Blades, Axes, Maces & Flails, Polearms,
   Staves and Unarmed Combat.
Wands
 G - a wand of digging (6)
Scrolls
 k - 7 scrolls of identify
 y - a scroll of poison
 B - a scroll of enchant armour
Potions
 b - a potion of magic
 e - a potion of ambrosia
 g - 2 potions of haste
 j - 2 potions of brilliance
 n - 2 potions of invisibility
 w - a potion of attraction
 x - a potion of curing
 z - a potion of enlightenment


   Skills:
 - Level 3.1(4.4) Dodging
 - Level 6.4(8.0) Stealth
 + Level 12.8(14.9) Spellcasting
 - Level 2.8(4.1) Hexes
 + Level 8.6(10.9) Summonings
 + Level 11.4(12.8) Ice Magic
 - Level 2.7(4.0) Air Magic


You had 22 spell levels left.
You knew the following spells:

 Your Spells              Type           Power      Damage    Failure   Level
a - Freeze                Ice            100%       1d10      0%          1
b - Frozen Ramparts       Ice            100%       1d16      1%          3
c - Ozocubu's Armour      Ice            70%        N/A       1%          3
d - Summon Ice Beast      Ice/Summ       67%        N/A       1%          4
e - Ensorcelled Hibernat  Hex/Ice        100%       N/A       1%          2
f - Swiftness             Air            38%        N/A       1%          3

Your spell library contained the following spells:

 Spells                   Type           Power      Damage    Failure   Level
 Ice Form                 Ice/Tmut       50%        N/A       1%          4
 Passwall                 Tmut/Erth      15%        N/A       4%          2
 Summon Hydra             Summ           32%        N/A       28%         7


Dungeon Overview and Level Annotations

Branches:
Dungeon (8/15)             Temple (1/1) D:4
   Lair: D:8-11

Altars:
Ashenzari
Cheibriados
Dithmenos
Elyvilon
Fedhas
Gozag
Hepliaklqana
Kikubaaqudgha
Makhleb
Nemelex Xobeh
Okawaru
Qazlal
Ru
Sif Muna
Trog
Uskayaw
Vehumet
Wu Jian
Xom
Yredelemnul
Zin
The Shining One

Shops:
D:6 !


Message History

The death knight shouts!
The death knight unwields a +0 halberd.
The death knight wields a +0 orcbow of draining.
You sense an unholy aura.
The death knight shoots an arrow.
The arrow hits you but does no damage.
You feel drained.
Unknown command.
Casting: Summon Ice Beast (safe; 1% risk of failure)
Confirm with . or Enter, or press ? or * to list all spells.
Casting: Frozen Ramparts (safe; 1% risk of failure)
Press: ? - help, Dir - look around, f - activate
Okay, then.
Casting: Frozen Ramparts (safe; 1% risk of failure)
Confirm with . or Enter, or press ? or * to list all spells.
A chill wind blows around you.
Unknown command.
Okay, then.
Okay, then.
Casting: Summon Ice Beast (safe; 1% risk of failure)
Confirm with . or Enter, or press ? or * to list all spells.
Aiming: Ensorcelled Hibernation (safe; 1% risk of failure)
Press: ? - help, Shift-Dir - straight line, f - death knight
Aim: a death knight, wielding a +0 orcbow of draining and wearing a +0 chain mail (ally target, chance to affect: 21%)
Okay, then.
Casting: Ensorcelled Hibernation (safe; 1% risk of failure)
Confirm with . or Enter, or press ? or * to list all spells.
Okay, then.
The death knight shoots an arrow.
The arrow completely misses you.
Unknown command.
The death knight unwields a +0 orcbow of draining.
The death knight wields a +0 halberd.
The death knight hits you with a +0 halberd!!
Ouch! That really hurt!
Your ice beast hits the death knight.
Your ice beast freezes the death knight!!
Unknown command.
As you read the scroll of fear, it crumbles to dust.
You assume a fearsome visage.
The death knight resists with almost no effort.
The death knight hits you with a +0 halberd!!
You die...

##### ##...# ##...#
##...######
##...##...###########
##..............@...#
.....##..##.....Yp..#
................†...#
...................>#
#...............#####
############.#### ∆ ∆
, ♣♣.♣♣ , ~ #♣...♣# ~
*,~ ~ #.....#


You could see a death knight (ally target) and a friendly ice beast (summoned).

Vanquished Creatures
  A catoblepas (D:8)
  2 centaur warriors (D:8)
  A manticore (D:8)
  A cyclops (D:8)
  A gargoyle (D:7)
  4 yaks
  2 wyverns (D:7)
  Eustachio (D:6)
  An acid dragon (D:8)
  3 water moccasins
  2 black bears
  4 orc warriors
  2 sky beasts (D:7)
  2 ice beasts
  An ogre (D:4)
  2 centaurs (D:8)
  A phantom (D:6)
  2 kobold brigands (D:8)
  A bullfrog (D:6)
  2 gnoll sergeants (D:8)
  2 scorpions
  A wight (D:8)
  11 killer bees
  3 jellies
  3 hounds
  An orc priest (D:7)
  3 sleepcaps
  10 orc wizards
  2 iguanas
  3 gnolls (D:4)
  5 adders
  A shadow imp (D:8)
  2 worms (D:3)
  A dart slug (D:3)
  35 orcs
  3 endoplasms
  3 giant cockroaches
  2 goblins (D:3)
  10 hobgoblins
  2 quokkas
  5 ball pythons
  4 bats
  2 frilled lizards
  11 kobolds
  2 rats
163 creatures vanquished.

Vanquished Creatures (collateral kills)
  A troll (D:8)
  A centaur (D:8)
  A killer bee (D:8)
3 creatures vanquished.

Grand Total: 166 creatures vanquished

Notes
Turn   | Place    | Note
-------+----------+-------------------------------------------
     0 | D:1      | Zonian the Deep Elf Ice Elementalist began the quest for
                  | the Orb.
     0 | D:1      | Reached XP level 1. HP: 10/10 MP: 6/6
   326 | D:1      | Reached XP level 2. HP: 12/15 MP: 5/8
  1392 | D:3      | Reached XP level 3. HP: 14/19 MP: 5/10
  2120 | D:4      | Reached skill level 4 in Spellcasting
  2120 | D:4      | Reached skill level 5 in Ice Magic
  2126 | D:4      | Noticed an ogre
  2134 | D:4      | Reached XP level 4. HP: 17/24 MP: 6/12
  2183 | D:4      | Found a staircase to the Ecumenical Temple.
  2193 | Temple   | Entered the Ecumenical Temple
  2695 | Temple   | Became a worshipper of Ashenzari the Shackled
  2926 | D:4      | Reached XP level 5. HP: 23/28 MP: 11/14
  2937 | D:4      | Reached skill level 5 in Spellcasting
  2941 | D:4      | Learned a level 3 spell: Frozen Ramparts
  2945 | D:4      | Learned a level 3 spell: Ozocubu's Armour
  3265 | D:4      | Found a radiant altar of Vehumet.
  3506 | D:4      | Killed an ogre
  3507 | D:4      | Reached skill level 6 in Spellcasting
  3507 | D:4      | Reached XP level 6. HP: 4/32 MP: 10/17
  4027 | D:5      | Entered Level 5 of the Dungeon
  4237 | D:5      | Got the Almanac of the Mob and the Icicle
  4250 | D:5      | Reached skill level 7 in Spellcasting
  4413 | D:5      | Reached XP level 7. HP: 36/36 MP: 13/19
  4413 | D:5      | Reached * piety under Ashenzari
  5093 | D:6      | Found a sparkling altar of Nemelex Xobeh.
  5176 | D:6      | Reached ** piety under Ashenzari
  5182 | D:6      | Learned a level 4 spell: Summon Ice Beast
  5185 | D:6      | Learned a level 2 spell: Ensorcelled Hibernation
  5216 | D:6      | Found a snail-covered altar of Cheibriados.
  5216 | D:6      | Found a stormy altar of Qazlal.
  5335 | D:6      | Reached skill level 1 in Hexes
  5335 | D:6      | Reached skill level 1 in Summonings
  5596 | D:6      | Found Moin's Distillery.
  5603 | D:6      | Noticed Eustachio
  5605 | D:6      | Bought a potion of heal wounds for 65 gold pieces
  5605 | D:6      | Bought a potion of invisibility for 104 gold pieces
  5605 | D:6      | Bought a potion of curing for 39 gold pieces
  5661 | D:6      | Killed Eustachio
  5754 | D:6      | Reached skill level 8 in Spellcasting
  5842 | D:6      | Identified a scroll of acquirement
  5990 | D:6      | Reached XP level 8. HP: 14/41 MP: 18/23
  6025 | D:6      | Acquired the ring of Tefaorurag {rPois rCorr}
  6142 | D:6      | Reached skill level 5 in Stealth
  6813 | D:7      | Found a burning altar of Makhleb.
  6815 | D:7      | Noticed an Executioner
  6837 | D:7      | Noticed a gargoyle
  6964 | D:7      | Killed a gargoyle
  6965 | D:7      | Reached skill level 9 in Spellcasting
  7164 | D:7      | Found a runed translucent door.
  7172 | D:7      | Reached *** piety under Ashenzari
  7202 | D:7      | Reached XP level 9. HP: 45/45 MP: 26/26
  8411 | D:8      | Reached skill level 5 in Summonings
  8422 | D:7      | Reached skill level 10 in Spellcasting
  8750 | D:7      | Learned a level 3 spell: Swiftness
  8759 | D:8      | Noticed a cyclops
  8770 | D:8      | Killed a cyclops
  8771 | D:8      | Reached skill level 1 in Air Magic
  9869 | D:8      | Found a blossoming altar of Fedhas.
  9946 | D:8      | Reached XP level 10. HP: 34/50 MP: 27/29
 10238 | D:8      | Reached skill level 11 in Spellcasting
 10238 | D:8      | Reached skill level 10 in Ice Magic
 10850 | D:8      | Found a sacrificial altar of Ru.
 10855 | D:8      | Found a basalt altar of Yredelemnul.
 11640 | D:8      | Noticed a catoblepas
 11662 | D:8      | Killed a catoblepas
 11689 | D:8      | Identified the +6 battleaxe of Kulia {heavy, rF+ Will+
                  | rCorr}
 11689 | D:8      | Noticed a centaur warrior
 11693 | D:8      | Identified the +9 orcbow "Wynwups" {flame, SInv}
 11711 | D:8      | Killed a centaur warrior
 11712 | D:8      | Reached skill level 12 in Spellcasting
 11720 | D:8      | Noticed a skeletal warrior
 12127 | D:8      | Noticed a centaur warrior
 12137 | D:8      | Killed a centaur warrior
 12434 | D:8      | Noticed a manticore
 12443 | D:8      | Killed a manticore
 12577 | D:8      | Noticed a death knight
 12605 | D:8      | Slain by a death knight

Illustrated notes

Levels and vault maps discovered:
D:1:      nicolae_arrival_memento_mori, layout_rooms
D:2:      layout_basic
D:3:      layout_basic, serial_corexii_hall, chequers_hall_statues_wall_a,
          chequers_hall_statues_corner_a
D:4:      layout_basic, nicolae_overflow_crystal_walls,
          minmay_temple_entry_sparse_star
D:5:      layout_basic, serial_curves, eino_curves_01, eino_curves_03
D:6:      layout_gridville, grunt_temple_overflow_open, serial_shops,
          nicolae_shop_temple_entry_statues_fountains, uniq_eustachio
D:7:      layout_loops_ring, makhleb_altar_promises_db,
          minmay_misc_feat_enclosed, lightli_church_of_beogh
D:8:      nzn_winding_woodlands_large [nzn_winding_woodlands_5x5_default,
          nzn_winding_woodlands_5x15_sawtooth,
          nzn_winding_woodlands_5x5_open_star,
          nzn_winding_woodlands_center_triple_pond,
          nzn_winding_woodlands_15x15_five_gardens,
          nzn_winding_woodlands_center_diamonds,
          nzn_winding_woodlands_5x5_default, nzn_winding_woodlands_5x15_parted,
          nzn_winding_woodlands_5x5_perimeter], layout_rooms,
          mainiacjoe_overflow_big_doors, lemuel_doored_altar, hex_large
Temple:   nicolae_temple_bog_church

Skill      XL: |  1  2  3  4  5  6  7  8  9 10 |
---------------+-------------------------------+-----
Stealth        | 3 4 6 |  6.4
Dodging        | 3 |  3.1
Spellcasting   | 4 6 7 8 9 10 12 | 12.8
Ice Magic      | 5 6 7 8 9 11 | 11.4
Hexes          | 2 |  2.8
Summonings     | 2 4 6 8 |  8.6
Air Magic      | 2 |  2.7

Action                     |  1- 3 |  4- 6 |  7- 9 | 10-12 || total
---------------------------+-------+-------+-------+-------++-------
  Melee: Dagger            |    71 |    76 |   186 |    99 ||   432
         Unarmed           |     2 |       |       |       ||     2
         Punch             |       |     2 |     3 |     1 ||     6
         Falchion          |       |       |     3 |       ||     3
  Throw: Dart              |       |     2 |    14 |     9 ||    25
         Stone             |       |       |     3 |       ||     3
         Boomerang         |       |       |     4 |     1 ||     5
   Cast: Freeze            |    53 |    33 |    20 |     9 ||   115
         Ozocubu's Armour  |       |     2 |     5 |     2 ||     9
         Frozen Ramparts   |       |     1 |    16 |     7 ||    24
         Summon Ice Beast  |       |       |     2 |     6 ||     8
         Ensorcelled Hiber |       |       |     5 |     4 ||     9
 Invoke: Curse Item        |       |     1 |     4 |       ||     5
  Evoke: Wand              |       |       |       |     4 ||     4
    Use: Scroll            |     1 |     1 |     2 |     2 ||     6
         Potion            |       |       |     4 |     1 ||     5
   Stab: Sleeping          |     4 |     4 |    10 |     3 ||    21
         Distracted        |       |       |     3 |     1 ||     4
         Invisible         |       |       |       |     2 ||     2
 Armour: Robe              |    37 |    36 |    67 |    34 ||   174
  Dodge: Dodged            |    94 |    75 |   158 |   104 ||   431

Table legend: (Time is in decaauts)
 A = Elapsed time spent in this place.
 B = Non-inter-level travel time spent in this place.
 C = Inter-level travel time spent in this place.
 D = Time resting spent in this place.
 E = Time spent auto-exploring this place.
 F = Levels seen in this place.
 G = Mean time per level.
                   A        B        C        D        E       F      G
               +--------+--------+--------+--------+--------+-----+--------+
         Total |  12633 |  12200 |    433 |   5246 |   4041 |   9 | 1403.7 |
       Dungeon |  12108 |  11675 |    433 |   4919 |   3903 |   8 | 1513.5 |
        Temple |    525 |    525 |      0 |    327 |    138 |   1 |  525.0 |
               +--------+--------+--------+--------+--------+-----+--------+

Top non-repeatable levels by time:
     D:7: 3113 daAuts
     D:8: 3092 daAuts
     D:4: 1367 daAuts
     D:6: 1280 daAuts
     D:5: 1113 daAuts
     D:3: 960 daAuts
     D:2: 725 daAuts
  Temple: 525 daAuts
     D:1: 454 daAuts
